 Dungeon Crawl Stone Soup version 0.29-a0-581-ge9a90b782e (webtiles) character file.

Game seed: 15838832745528600298

3762 Lekart the Cleaver (level 9, -2/117 HPs)
             Began as a Pale Draconian Fighter on June 14, 2022.
             Was a Follower of Kikubaaqudgha.
             Slain by a swamp worm (15 damage)
             ... on level 7 of the Dungeon.
             The game lasted 00:13:43 (8213 turns).

Lekart the Cleaver (Pale Draconian Fighter)         Turns: 8213, Time: 00:13:44

Health: -2/117     AC: 24    Str: 19    XL:     9   Next: 94%
Magic:  9/9        EV:  2    Int:  8    God:    Kikubaaqudgha [*.....]
Gold:   467        SH:  6    Dex: 21    Spells: 8/8 levels left

rFire   . . .      SeeInvis .   a - +3 war axe (flame)
rCold   . . .      Faith    .   b - +0 buckler
rNeg    . . .      Spirit   .   (body armour unavailable)
rPois   +          Reflect  .   (helmet currently unavailable)
rElec   .          Harm     .   (cloak currently unavailable)
rCorr   .          Rampage  .   (gloves currently unavailable)
Will    +....      Rage     1%  (boots currently unavailable)
Stlth   ++........ NoTele   +   f - amulet of magic regeneration
HPRegen 0.29/turn               m - +6 ring of dexterity
MPRegen 0.51/turn               z - ring of wizardry

@: tree-form, unable to read, very slow
A: stationary, stasis, torment immunity, boosted hp, (breathe steam), AC +7,
unfitting armour, (cold-blooded), (steam resistance), berserk 1, strong-willed
1, subdued magic 1, inability to read while threatened
a: Renounce Religion, Unearth Wretches


You were on level 7 of the Dungeon.
You worshipped Kikubaaqudgha.
Kikubaaqudgha was aware of your devotion.
You were a tree.
You visited 2 branches of the dungeon, and saw 8 of its levels.
You also visited: Sewer and Ossuary.

You collected 467 gold pieces.

Inventory:

Hand Weapons
 a - a +3 war axe of flaming (weapon)
Armour
 b - a +0 buckler (worn)
 k - a +1 cloak (melded)
 o - a +2 pair of boots (melded)
 B - a +2 hat (melded)
Jewellery
 f - an amulet of magic regeneration (around neck)
 m - a +6 ring of dexterity (left branch)
 u - a ring of protection from fire
 w - a ring of positive energy
 z - a ring of wizardry (right branch)
 A - a ring of protection from fire
 C - a ring of ice
Wands
 h - a wand of acid (11)
 q - a wand of digging (7)
 v - a wand of paralysis (6)
 D - a wand of flame (15)
Scrolls
 e - 6 scrolls of teleportation
 g - 5 scrolls of blinking
 j - a scroll of fog
 l - 4 scrolls of identify
 y - a scroll of silence
Potions
 c - 8 potions of curing
 d - a potion of haste
 i - 4 potions of ambrosia
 n - a potion of flight
 r - a potion of invisibility
 s - 2 potions of brilliance
 t - 2 potions of resistance
 x - a potion of lignification


   Skills:
 + Level 6.9 Fighting
 + Level 9.8(10.0) Axes
 + Level 3.2(7.0) Polearms
 + Level 6.2 Dodging
 + Level 5.6 Shields
 * Level 2.9 Necromancy
 + Level 0.4 Evocations


You had 8 spell levels left.
You didn't know any spells.
Your spell library contained the following spells:

 Spells                   Type           Power      Damage    Failure   Level
 Necrotize                Necr           12%        1d4       6%          1
 Sublimation of Blood     Necr           3%         N/A       9%          2
 Vampiric Draining        Necr           3%         2d6       17%         3
 Magic Dart               Conj           0%         1d3       21%         1
 Sting                    Tmut/Pois      0%         1d3       21%         1
 Poisonous Vapours        Pois/Air       0%         N/A       28%         2
 Searing Ray              Conj           0%         2d4       28%         2
 Dazzling Flash           Conj/Hex       0%         N/A       50%         3
 Gell's Gravitas          Tloc           0%         N/A       50%         3
 Anguish                  Hex/Necr       0%         N/A       71%         4
 Fulminant Prism          Conj/Hex       0%         3d6       87%         4
 Iskenderun's Mystic Bla  Conj/Tloc      0%         2d3       87%         4
 Olgreb's Toxic Radiance  Pois           0%         N/A       87%         4
 Eringya's Noxious Bog    Tmut/Pois      0%         N/A       100%        6
 Starburst                Conj/Fire      0%         6d3       100%        6
 Malign Gateway           Summ/Tloc      0%         N/A       100%        7
 Ozocubu's Refrigeration  Ice            0%         4d5       100%        7
 Ignition                 Fire           0%         3d3       100%        8


Dungeon Overview and Level Annotations

Branches:
Dungeon (7/15)             Temple (1/1) D:4           Sewer (visited)
Ossuary (visited)

Altars:
Ashenzari
Cheibriados
Dithmenos
Fedhas
Gozag
Hepliaklqana
Kikubaaqudgha
Makhleb
Nemelex Xobeh
Okawaru
Qazlal
Ru
Sif Muna
Trog
Uskayaw
Vehumet
Wu Jian
Xom
Zin
The Shining One


Innate Abilities, Weirdness & Mutations

You are a tree.
Your roots penetrate the ground, keeping you stationary.
You cannot be teleported.
You are immune to unholy pain and torment.
Your maximum health is greatly increased.
Your equipment is partially melded.
((You can breathe blasts of scalding, opaque steam.))
((Your pale cyan-grey scales are hard. (AC +7)))
You cannot fit into any form of body armour.
((You are cold-blooded and may be slowed by cold attacks.))
((You are immune to the effects of steam.))
You tend to lose your temper in combat.
You are strong-willed. (Will+)
Your spells are a little easier to cast, but a little less powerful.
You sometimes lose the ability to read scrolls when taking damage.


Message History

You burn the swamp worm. The swamp worm barely misses you.
The swamp worm bites you!
You hit the swamp worm. You burn the swamp worm.
The swamp worm is moderately wounded.
You closely miss the swamp worm.
The swamp worm bites you but does no damage. x2
You hit the swamp worm. You burn the swamp worm.
The swamp worm is moderately wounded.
You hit the swamp worm but do no damage.
The swamp worm bites you but does no damage. x2
The swamp worm bites you.
* * * LOW HITPOINT WARNING * * *
You closely miss the swamp worm.
The swamp worm is moderately wounded.
You hit the swamp worm. You burn the swamp worm. The swamp worm bites you!
* * * LOW HITPOINT WARNING * * *
The swamp worm bites you!
* * * LOW HITPOINT WARNING * * *
You block the swamp worm's attack.
You feel much better.
The swamp worm bites you but does no damage.
The swamp worm bites you!
* * * LOW HITPOINT WARNING * * *
You barely miss the swamp worm.
The swamp worm is moderately wounded.
You completely miss the swamp worm.
The swamp worm bites you but does no damage.
The swamp worm bites you!
* * * LOW HITPOINT WARNING * * *
Aiming: Corrosive Bolt
Press: ? - help, Shift-Dir - straight line, f - swamp worm
Aim: a swamp worm (moderately wounded, 64% to hit)
The bolt of acid hits the swamp worm!
The acid corrodes the swamp worm!
The swamp worm is severely wounded.
The swamp worm bites you but does no damage.
You block the swamp worm's attack. The swamp worm bites you!
* * * LOW HITPOINT WARNING * * *
The swamp worm bites you!
You die...
Kikubaaqudgha rasps: "You have failed me!
Welcome... death!"

.......#..(........## #.......
..<....#.........### #.......
............≈≈≈≈≈## #......>
.....>.#...≈≈≈≈≈≈≈# #.......
.......#...≈≈≈≈P≈≈## ##...###
........##≈≈##≈##≈≈#### #..####
######...≈≈≈#≈≈≈#≈≈≈..###..#...
#...≈≈##≈≈≈##≈≈.........##
#.#.≈≈#≈≈♣w≈#≈≈####.......
#...≈≈##w≈≈##≈≈####.....#.
###.≈≈≈#≈≈≈#≈≈≈.#...###...
###≈≈##≈##≈≈#....####.##
#.≈≈###≈≈##.........#
#.≈≈≈≈≈≈≈#..........#
#..≈≈≈≈≈..........#.##
#...####.....)........
####.....#..##.......#.#.


You could see 2 swamp worms.

Vanquished Creatures
  Pikel (D:5)
  Maggie (D:7)
  A hornet (D:6)
  Sigmund (D:2)
  Menkaure (D:5)
  A water moccasin (D:7)
  Duvessa (D:7)
  A black bear (D:5)
  An ice beast (D:6)
  3 ogres
  2 phantoms (D:4)
  A lemure (D:5)
  3 bullfrogs
  5 scorpions (Ossuary)
  3 wights (D:6)
  Dowan (D:7)
  A howler monkey (D:6)
  2 jellies
  A centaur zombie (Ossuary)
  2 human zombies (Ossuary)
  A gnoll shaman (D:7)
  4 hounds
  4 iguanas
  5 scorpion zombies (Ossuary)
  2 orc wizards
  4 mummies
  7 gnolls
  11 adders
  3 shadow imps
  A white imp (D:5)
  An ufetubus (D:4)
  2 worms (D:3)
  4 dart slugs
  13 orcs
  15 ball pythons
  11 endoplasms
  14 giant cockroaches
  3 gnoll zombies (Ossuary)
  14 goblins
  12 hobgoblins
  16 quokkas
  3 bats
  27 frilled lizards
  2 goblin zombies (Ossuary)
  2 hobgoblin zombies (Ossuary)
  8 kobolds
  2 kobold zombies (Ossuary)
  An orc zombie (Ossuary)
  7 rats
232 creatures vanquished.

Vanquished Creatures (others)
  6 plants
6 creatures vanquished.

Grand Total: 238 creatures vanquished

Notes
Turn   | Place    | Note
-------+----------+-------------------------------------------
     0 | D:1      | Lekart the Draconian Fighter began the quest for the Orb.
     0 | D:1      | Reached XP level 1. HP: 19/19 MP: 1/1
   185 | D:1      | Reached XP level 2. HP: 22/26 MP: 2/2
   759 | D:2      | Reached XP level 3. HP: 31/31 MP: 3/3
  1300 | D:2      | Reached skill level 1 in Polearms
  1309 | D:2      | Reached XP level 4. HP: 10/40 MP: 4/4
  1313 | D:2      | HP: 2/40 [gnoll/+0 club (1)]
  1653 | D:2      | Noticed Sigmund
  1664 | D:2      | Killed Sigmund
  1665 | D:2      | Reached skill level 3 in Axes
  1665 | D:2      | Reached XP level 5. HP: 35/46 MP: 5/5
  2329 | D:2      | Gained mutation: Your magical capacity is low. (-10% MP)
                  | [potion of mutation]
  2329 | D:2      | Gained mutation: You occasionally shout uncontrollably at
                  | your foes. [potion of mutation]
  2420 | D:3      | Reached XP level 6. HP: 52/52 MP: 5/5
  2800 | D:3      | Found a glowing drain.
  2819 | Sewer    | Entered a sewer
  3200 | Sewer    | Reached skill level 4 in Axes
  3934 | D:4      | Found a staircase to the Ecumenical Temple.
  3937 | D:4      | You fall into a shaft and drop 3 floors!
  3958 | D:6      | Your scales start taking on a pale cyan-grey colour.
  3958 | D:6      | Reached XP level 7. HP: 54/60 MP: 6/6
  3958 | D:6      | Gained mutation: You are immune to the effects of steam.
                  | [Pale Draconian growth]
  4078 | D:6      | Reached skill level 5 in Axes
  4408 | D:5      | Entered Level 5 of the Dungeon
  4445 | D:5      | Found a sand-covered staircase.
  4447 | D:5      | Noticed Pikel
  4455 | Ossuary  | Entered an ossuary
  4546 | Ossuary  | Reached skill level 5 in Fighting
  4575 | Ossuary  | Reached XP level 8. HP: 68/68 MP: 7/7
  4579 | Ossuary  | Reached skill level 6 in Axes
  4609 | Ossuary  | Lost mutation: You occasionally shout uncontrollably at
                  | your foes. [potion of mutation]
  4609 | Ossuary  | Lost mutation: Your magical capacity is low. (-10% MP)
                  | [potion of mutation]
  4609 | Ossuary  | Gained mutation: You tend to lose your temper in combat.
                  | [potion of mutation]
  4609 | Ossuary  | Gained mutation: You sometimes lose the ability to read
                  | scrolls when taking damage. [potion of mutation]
  4609 | Ossuary  | Gained mutation: Your spells are a little easier to cast,
                  | but a little less powerful. [potion of mutation]
  4609 | Ossuary  | Gained mutation: You are strong-willed. (Will+) [potion of
                  | mutation]
  5035 | Ossuary  | Reached skill level 7 in Axes
  5035 | Ossuary  | Reached skill level 5 in Dodging
  5202 | D:5      | Killed Pikel
  5203 | D:5      | Reached skill level 5 in Shields
  5214 | D:5      | Noticed Menkaure
  5217 | D:5      | Reached skill level 8 in Axes
  5217 | D:5      | Reached XP level 9. HP: 46/75 MP: 9/9
  5219 | D:5      | Killed Menkaure
  6332 | Temple   | Entered the Ecumenical Temple
  6427 | Temple   | Became a worshipper of Kikubaaqudgha
  7131 | D:4      | Reached skill level 1 in Necromancy
  7441 | D:6      | Reached skill level 9 in Axes
  7819 | D:7      | Noticed Dowan
  7823 | D:7      | Noticed Duvessa
  7832 | D:7      | Killed Duvessa
  7838 | D:7      | Killed Dowan
  7838 | D:7      | Reached * piety under Kikubaaqudgha
  7838 | D:7      | Received a gift from Kikubaaqudgha
  7847 | D:7      | Got Alasch's Volume of the Voyage and Poisoning
  8013 | D:7      | Noticed Maggie
  8028 | D:7      | Killed Maggie
  8213 | D:7      | Slain by a swamp worm

Illustrated notes

Levels and vault maps discovered:
D:1:      tarquinn_simple_flora_water_c, layout_rooms
D:2:      layout_basic, nrook_mini_vaults, uniq_sigmund
D:3:      layout_basic, cheibrodos_sewer_entry_bend, minmay_quantized
D:4:      cheibrodos_greedy_goblins, layout_gridville,
          minmay_temple_entry_gardened_gates
D:5:      layout_loops_ring, gup_ossuary_entry_pyramid, kennysheep_small_spiral,
          minmay_lizard_king, uniq_menkaure, uniq_pikel
D:6:      layout_loops_cross
D:7:      layout_rooms, worms_lemuel, uniq_duvessa, uniq_maggie
Temple:   mainiacjoe_temple_cubbyholes

Skill      XL: |  1  2  3  4  5  6  7  8  9 |
---------------+----------------------------+-----
Dodging        | 3 4 5 6 |  6.2
Polearms       | 1 2 3 |  3.2
Fighting       | 4 5 6 |  6.9
Axes           | 3 4 5 8 9 |  9.8
Shields        | 4 5 |  5.6
Necromancy     | 2 |  2.9
Evocations     | |  0.4

Action                   |  1- 3 |  4- 6 |  7- 9 || total
-------------------------+-------+-------+-------++-------
Melee: War axe           |    40 |   221 |   303 ||   564
       Tailslap          |     9 |    10 |    35 ||    54
       Spear             |    70 |    31 |       ||   101
 Abil: Breathe Steam     |       |       |     5 ||     5
Evoke: Wand              |       |       |     6 ||     6
  Use: Potion            |       |     2 |     7 ||     9
       Scroll            |       |    10 |    14 ||    24
 Stab: Sleeping          |       |     1 |     4 ||     5
       Distracted        |       |       |     1 ||     1
Armor: Skin              |    23 |   133 |   111 ||   267
Dodge: Dodged            |    50 |   193 |   217 ||   460
Block: Buckler           |    29 |    86 |    98 ||   213

Table legend: (Time is in decaauts)
 A = Elapsed time spent in this place.
 B = Non-inter-level travel time spent in this place.
 C = Inter-level travel time spent in this place.
 D = Time resting spent in this place.
 E = Time spent auto-exploring this place.
 F = Levels seen in this place.
 G = Mean time per level.
                   A        B        C        D        E       F      G
               +--------+--------+--------+--------+--------+-----+--------+
         Total |   8460 |   8124 |    336 |     76 |   6291 |  10 |  846.0 |
       Dungeon |   6607 |   6324 |    283 |     76 |   5120 |   7 |  943.9 |
        Temple |    405 |    352 |     53 |      0 |    254 |   1 |  405.0 |
         Sewer |    683 |    683 |      0 |      0 |    392 |   1 |  683.0 |
       Ossuary |    764 |    764 |      0 |      0 |    524 |   1 |  764.0 |
               +--------+--------+--------+--------+--------+-----+--------+

Top non-repeatable levels by time:
     D:2: 1637 daAuts
     D:5: 1131 daAuts
     D:4: 902 daAuts
     D:3: 815 daAuts
     D:6: 780 daAuts
 Ossuary: 764 daAuts
     D:1: 755 daAuts
   Sewer: 683 daAuts
     D:7: 585 daAuts
  Temple: 405 daAuts
